 Dungeon Crawl Stone Soup version 0.16-a0-670-g3b10be2 (webtiles) character file.

80 RobertPalmer the Covert (level 4, -1/29 HPs)
             Began as an Octopode Assassin on Sept 19, 2014.
             Succumbed to Crazy Yiuf's poison
             ... on Level 3 of the Dungeon.
             The game lasted 00:03:49 (1976 turns).

RobertPalmer the Covert (Octopode Assassin)         Turns: 1976, Time: 00:03:49

HP  -1/29        AC  1     Str 15      XL: 4   Next: 39%
MP   3/4         EV 12     Int 13      God:
Gold 145         SH  0     Dex 14      Spells:  0 memorised,  3 levels left

rFire  . . .     SeeInvis .     a - +1 short sword (freeze)
rCold  . . .     Clarity  .     (no shield)
rNeg   + . .     rCorr    .     (helmet restricted)
rPois  .         rRot     .     (no amulet)
rElec  .         Spirit   .     B - ring of positive energy
SustAb .         Warding  .     (no ring)
rMut   .         Stasis   .     (no ring)
Gourm  .                        (no ring)
MR     .....                    (no ring)
                                (no ring)
                                (no ring)
                                (no ring)

@: mighty, lethally poisoned, not resistant to hostile enchantments, quite
stealthy
A: almost no armour, amphibious, 8 rings, constrict 8, camouflage 1, gelatinous
body 1
a: no special abilities


You were on level 3 of the Dungeon.
You were very hungry.

You visited 1 branch of the dungeon, and saw 3 of its levels.

You collected 145 gold pieces.


Innate Abilities, Weirdness & Mutations

You cannot wear most types of armour.
You are amphibious.
You can wear up to eight rings at the same time.
You can use your tentacles to constrict many enemies at once.
Your skin changes colour to match your surroundings (Stealth).
Your rubbery body absorbs attacks (AC +1).


   Skills:
 - Level 2.0 Fighting
 - Level 2.0 Short Blades
 - Level 2.0 Throwing
 - Level 1.0 Dodging
 + Level 8.0 Stealth


You had 3 spell levels left.
You didn't know any spells.

Inventory:

Hand weapons
 a - a +1 short sword of freezing (weapon)
 b - a +0 blowgun
Missiles
 e - 56 poisoned needles
 f - 2 curare-tipped needles
 s - 8 javelins (quivered)
 t - a throwing net
 v - 3 needles of slowing
Armour
 l - a +1 buckler
Magical devices
 A - a wand of lightning (9) {unknown}
Comestibles
 g - 2 bread rations
 i - a royal jelly
 m - a meat ration
 p - 5 fruits
 x - a beef jerky
Scrolls
 h - a scroll of magic mapping {unknown}
 j - 3 scrolls of random uselessness
 n - 2 scrolls of teleportation {unknown}
 r - a scroll of immolation {unknown}
 u - a scroll of fear {unknown}
 y - a scroll of enchant armour
 z - a scroll of remove curse {unknown}
Jewellery
 B - a ring of positive energy (left tentacle)
 C - an uncursed ring of fire
Potions
 c - a potion of invisibility {unknown}
 d - a potion of curing {unknown}
 k - a potion of might
 o - a potion of haste {unknown}
 q - a potion of restore abilities {unknown}
 w - a potion of degeneration {unknown}

Dungeon Overview and Level Annotations

Branches:
Dungeon (3/15)

Altars:
Elyvilon
Nemelex Xobeh
Sif Muna

Annotations:
D:3 Crazy Yiuf

##.# #.# #.# #.#
#.._.. ##.######..
#.# #.# #.#.##
.......#### #.# #.#
#.#..# ##.###.# ###
### #..... #.# #.#
#.###.... ##.# #.#
#........
...###.##♣♣ #####
#.###....
##.##....P♣ ♣♣#..)#
#...###...
#.).....P♣♣♣♣♣.@.g.#
.....##.#
#[#......P.♣..♣#...#
...#.##.#
#.......P.♣.♣♣♣#####
#.##.##.#
###.#.##♣♣♣♣♣
#.##.##.# #.#.#
#.##.#... #.#.#
#.....#.# #.#.#
#........ #.#.#
#.###.#.# #.#.#
#.####...


You could see Crazy Yiuf.


Message History

Found a hammer.
There is an open door here.
Crazy Yiuf shouts!
Crazy Yiuf hits you with a quarterstaff of chaos.
Crazy Yiuf burns you.
You barely miss Crazy Yiuf. You grab Crazy Yiuf. You squeeze Crazy Yiuf.
Crazy Yiuf is lightly wounded.
You constrict Crazy Yiuf.
Crazy Yiuf hits you with a quarterstaff of chaos.
You feel your power leaking away.
You hit Crazy Yiuf. You freeze Crazy Yiuf.
Crazy Yiuf is moderately wounded.
You constrict Crazy Yiuf.
Crazy Yiuf screams, "Whiteboard infinity spinner!"
Crazy Yiuf hits you with a quarterstaff of chaos!
* * * LOW HITPOINT WARNING * * *
You are lethally poisoned!
Drink which item? (? for menu, Esc to quit)
You feel very mighty all of a sudden.
It was a potion of might.
You constrict Crazy Yiuf.
* * * LOW HITPOINT WARNING * * *
You feel sick.
Crazy Yiuf says, "East!
Prologue horse mobile."
Crazy Yiuf hits you with a quarterstaff of chaos!
* * * LOW HITPOINT WARNING * * *
You are more poisoned.
You release your grip on Crazy Yiuf.
* * * LOW HITPOINT WARNING * * *
You feel sick.
You die...

Action                   |  1- 3 |  4- 6 || total
-------------------------+-------+-------++-------
Melee: Dagger            |    51 |     1 ||    52
       Short sword       |       |    34 ||    34
 Fire: Blowgun           |     4 |       ||     4
  Use: Scroll            |       |     4 ||     4
       Potion            |       |     1 ||     1
 Stab: Sleeping          |     8 |    11 ||    19
       Distracted        |     1 |     2 ||     3
  Eat: Chunk             |     1 |     1 ||     2

Vault maps used:
D:1:      minmay_arrival_open_corners
D:2:      nemelex_xobeh_ov_fountains_minmay, first_bread
D:3:      lemuel_crystal_altar, elyvilon_altar_5, uniq_crazy_yiuf_cottage

Notes
Turn   | Place    | Note
--------------------------------------------------------------
     0 | D:1      | RobertPalmer, the Octopode Assassin, began the quest for the Orb.
     0 | D:1      | Reached XP level 1. HP: 14/14 MP: 1/1
   573 | D:1      | Reached XP level 2. HP: 19/19 MP: 2/2
   579 | D:1      | Reached skill level 6 in Stealth
   967 | D:1      | Reached XP level 3. HP: 21/24 MP: 3/3
  1093 | D:2      | Reached skill level 7 in Stealth
  1172 | D:2      | Found a sparkling altar of Nemelex Xobeh.
  1270 | D:2      | Reached XP level 4. HP: 29/29 MP: 4/4
  1810 | D:3      | Found a deep blue altar of Sif Muna.
  1882 | D:3      | Found a white marble altar of Elyvilon.
  1948 | D:3      | Reached skill level 8 in Stealth
  1968 | D:3      | Noticed Crazy Yiuf
  1974 | D:3      | HP: 2/29 [Crazy Yiuf/quarterstaff of chaos (7)]
  1976 | D:3      | Succumbed to Crazy Yiuf's poison

Vanquished Creatures
  2 adders
  A giant mite (D:2)
  A worm (D:2)
  A giant gecko (D:2)
  2 oozes
  3 giant cockroaches
  7 goblins
  8 hobgoblins
  3 jackals (D:1)
  A quokka (D:1)
  2 ball pythons (D:2)
  3 bats
  A giant newt (D:2)
  5 kobolds
  6 rats
  A fungus (D:3)
47 creatures vanquished.
